 Dungeon Crawl Stone Soup version 0.28-a0-589-g333b8329f1 (webtiles) character file.

Game seed: 3684260725058997089

273 iamoutofideas the Cleaver (level 6, -6/51 HPs)
             Began as a Hill Orc Gladiator on Oct 4, 2021.
             Mangled by an iguana (12 damage)
             ... on level 6 of the Dungeon.
             The game lasted 00:02:06 (2650 turns).

iamoutofideas the Cleaver (Hill Orc Gladiator)      Turns: 2650, Time: 00:02:06

Health: -6/51      AC:  6    Str: 19    XL:     6   Next: 23%
Magic:  6/6        EV: 11    Int:  8    God:
Gold:   87         SH:  0    Dex: 12    Spells: 5/5 levels left

rFire   . . .      SeeInvis .   a - +1 war axe
rCold   . . .      Faith    .   (no shield)
rNeg    . . .      Spirit   .   j - +0 ring mail
rPois   .          Reflect  .   c - +0 helmet
rElec   .          Harm     .   (no cloak)
rCorr   .          Rampage  .   (no gloves)
Will    .....                   (no boots)
Stlth   +.........              (no amulet)
HPRegen 0.17/turn               (no ring)
MPRegen 0.10/turn               (no ring)

@: no status effects
A: no striking features
a: no special abilities


You were on level 6 of the Dungeon.
You visited 1 branch of the dungeon, and saw 5 of its levels.

You collected 87 gold pieces.

Inventory:

Hand Weapons
 a - a +1 war axe (weapon)
Missiles
 d - 3 throwing nets (quivered)
Armour
 b - a +0 leather armour
 c - a +0 helmet (worn)
 e - a +0 plate armour
 j - a +0 ring mail (worn)
Scrolls
 k - 5 scrolls of identify {unknown}
 l - a scroll of vulnerability {unknown}
Potions
 f - a potion of might {unknown}
 g - 3 potions of brilliance {unknown}


   Skills:
 + Level 3.2 Fighting
 * Level 8.6 Axes
 - Level 1.7 Throwing
 - Level 2.4 Dodging


You had 5 spell levels left.
You didn't know any spells.
Your spell library was empty.

Dungeon Overview and Level Annotations

Branches:
Dungeon (7/15)
 Temple: D:4-7

Altars:

Shops:
D:2 :

Annotations:
D:6 Eustachio, Menkaure


Message History

* * * LOW HITPOINT WARNING * * *
The black bear claws you.
* * * LOW HITPOINT WARNING * * *
You hit the black bear.
You kill the black bear!
Your Axes skill increases to level 8!
You have reached level 6!
Your experience leads to an increase in your attributes!
Increase (S)trength, (I)ntelligence, or (D)exterity?
You feel stronger.
You start resting.
Menkaure is nearby!
Menkaure is nearby!
You see here a black bear corpse.
As you read the scroll of teleportation, it crumbles to dust.
You feel strangely unstable.
Menkaure shouts!
Your surroundings suddenly seem different.
An iguana comes into view.
Found a stone staircase leading up.
The iguana hisses angrily.
An iguana is nearby!
You barely miss the iguana. The iguana bites you!
* * * LOW HITPOINT WARNING * * *
You barely miss the iguana. The iguana closely misses you.
You hit the iguana.
The iguana is heavily wounded.
The iguana bites you!
* * * LOW HITPOINT WARNING * * *
The iguana bites you but does no damage.
You barely miss the iguana.
The iguana is heavily wounded.
The iguana bites you but does no damage.
You slash the iguana!
The iguana is almost dead.
The iguana bites you but does no damage.
You closely miss the iguana.
The iguana is almost dead.
The iguana bites you!
You die...

#.. .... ##.
....... ...#
#..##.......
#...
#..#....<...
....
##...........
.##.
#............
.#
...........
...
#.......##
..##
#@l...... ..#
#.........
#..
##...###..
#....#
.......
#.......
.........
.###.. .#..#
......#..
#.... ....#


You could see an iguana.

Vanquished Creatures
  A black bear (D:6)
  A scorpion (D:6)
  A jelly (D:6)
  A hound (D:6)
  2 adders
  A worm (D:3)
  A dart slug (D:1)
  An orc (D:2)
  4 endoplasms
  2 giant cockroaches
  4 goblins
  A hobgoblin (D:1)
  4 quokkas
  3 ball pythons (D:3)
  6 bats
  2 frilled lizards
  3 kobolds
  5 rats
43 creatures vanquished.

Vanquished Creatures (others)
  2 plants (D:1)
2 creatures vanquished.

Grand Total: 45 creatures vanquished

Notes
Turn   | Place    | Note
-------+----------+-------------------------------------------
     0 | D:1      | iamoutofideas the Hill Orc Gladiator began the quest for
                  | the Orb.
     0 | D:1      | Reached XP level 1. HP: 18/18 MP: 1/1
   379 | D:1      | Reached XP level 2. HP: 25/25 MP: 2/2
   679 | D:1      | Reached skill level 5 in Axes
   967 | D:1      | Found a faded altar of an unknown god.
  1003 | D:1      | Reached XP level 3. HP: 8/30 MP: 3/3
  1449 | D:2      | Found Inkug's Book Boutique.
  2148 | D:3      | Reached skill level 6 in Axes
  2259 | D:3      | Reached XP level 4. HP: 27/37 MP: 4/4
  2482 | D:3      | You fall into a shaft and drop 3 floors!
  2483 | D:6      | Noticed Menkaure
  2484 | D:6      | Noticed Eustachio
  2490 | D:6      | Noticed a scorpion
  2504 | D:6      | Killed a scorpion
  2505 | D:6      | Reached skill level 7 in Axes
  2505 | D:6      | Reached XP level 5. HP: 30/45 MP: 5/5
  2565 | D:6      | Noticed a black bear
  2575 | D:6      | Killed a black bear
  2576 | D:6      | Reached skill level 8 in Axes
  2576 | D:6      | Reached XP level 6. HP: 11/51 MP: 6/6
  2650 | D:6      | Mangled by an iguana

Illustrated notes

Levels and vault maps discovered:
D:1:      enne_arrival_octagon_isle, layout_basic,
          shapermc_ecumenical_altar_mp_urbaneastern
D:2:      layout_rooms, serial_shops, shop
D:3:      minmay_thinvault, layout_basic, kennysheep_generic_room_4
D:6:      layout_cave_pools, minmay_temple_entry_wispy, uniq_menkaure,
          uniq_eustachio
D:7:      layout_basic

Skill      XL: |  1  2  3  4  5 |
---------------+----------------+-----
Axes           | 5 6 7 8 |  8.6
Fighting       | 3 |  3.2
Throwing       | |  1.7
Dodging        | |  2.4

Action                   |  1- 3 |  4- 6 || total
-------------------------+-------+-------++-------
Melee: War axe           |    99 |    41 ||   140
  Use: Scroll            |       |     3 ||     3
Armor: Leather armour    |    21 |       ||    21
       Ring mail         |    14 |    24 ||    38
Dodge: Dodged            |    80 |    39 ||   119

Table legend: (Time is in decaauts)
 A = Elapsed time spent in this place.
 B = Non-inter-level travel time spent in this place.
 C = Inter-level travel time spent in this place.
 D = Time resting spent in this place.
 E = Time spent auto-exploring this place.
 F = Levels seen in this place.
 G = Mean time per level.
                   A        B        C        D        E       F      G
               +--------+--------+--------+--------+--------+-----+--------+
         Total |   2680 |   2629 |     51 |    589 |   1665 |   5 |  536.0 |
       Dungeon |   2680 |   2629 |     51 |    589 |   1665 |   5 |  536.0 |
               +--------+--------+--------+--------+--------+-----+--------+

Top non-repeatable levels by time:
     D:1: 1215 daAuts
     D:3: 728 daAuts
     D:2: 565 daAuts
     D:6: 168 daAuts
     D:7: 1 daAuts
